 Dungeon Crawl Stone Soup version 0.31.0-9-g3a7656b989 (webtiles) character file.

Game seed: 1530319552212448950

196 qw the Skirmisher (level 5, -3/29 HPs)
             Began as a Deep Elf Hunter on Feb 2, 2024.
             Incinerated by a bombardier beetle (5 damage)
             ... with a burning spray
             ... on level 3 of the Dungeon.
             The game lasted 00:00:06 (1418 turns).

qw the Skirmisher (Deep Elf Hunter)                 Turns: 1418, Time: 00:00:07

Health: -3/29      AC:  5    Str: 10    XL:     5   Next: 45%
Magic:  7/7        EV: 16    Int: 14    God:
Gold:   140        SH:  0    Dex: 18    Spells: 4/4 levels left

rFire   . . .        a - +0 shortbow
rCold   . . .        (shield currently unavailable)
rNeg    . . .        d - +0 ring mail
rPois   .            (no helmet)
rElec   .            (no cloak)
rCorr   .            (no gloves)
SInv    .            (no boots)
Will    .....        (no amulet)
Stlth   +            c - +5 ring of evasion
HPRegen 0.24/turn    (no ring)
MPRegen 0.10/turn

%: no passive effects
@: on fire, glowing
A: no striking features
a: no special abilities


You were on level 3 of the Dungeon.
You visited 1 branch of the dungeon, and saw 3 of its levels.

You collected 140 gold pieces.


   Skills:
 + Level 1.5 Fighting
 - Level 9.0 Ranged Weapons
 - Level 2.4 Dodging
 - Level 1.2 Stealth


You had 4 spell levels left.
You didn't know any spells.
Your spell library was empty.

Inventory:

Hand Weapons
 a - a +0 shortbow (weapon)
Armour
 d - a +0 ring mail (worn)
Jewellery
 c - a +5 ring of evasion (left hand)
Scrolls
 b - a scroll of enchant armour {unknown}
Potions
 e - a potion of degeneration {unknown}
 h - a potion of curing

Dungeon Overview and Level Annotations

Branches:
Dungeon (3/15)

Altars:
Sif Muna


Message History

You shoot an arrow. The arrow hits the bombardier beetle.
The bombardier beetle is lightly wounded.
You shoot an arrow. The arrow hits the bombardier beetle.
The bombardier beetle is heavily wounded.
You shoot an arrow.
The arrow barely misses the bombardier beetle.
The bombardier beetle sprays incendiary fluid at you.
The burning spray hits you.
You are covered in liquid fire!
You shoot an arrow. The arrow hits the bombardier beetle.
The bombardier beetle is heavily wounded.
The liquid fire burns you!
You shoot an arrow.
The arrow barely misses the bombardier beetle.
The liquid fire burns you!
You shoot an arrow.
The arrow barely misses the bombardier beetle.
The liquid fire burns you!
The bombardier beetle sprays incendiary fluid at you.
The burning spray hits you.
You are even more covered in liquid fire!
You shoot an arrow.
The arrow hits the bombardier beetle but does no damage.
The bombardier beetle is heavily wounded.
The liquid fire burns you!
You shoot an arrow.
The arrow hits the bombardier beetle but does no damage.
The bombardier beetle is heavily wounded.
The liquid fire burns you!
The bombardier beetle sprays incendiary fluid at you.
The burning spray hits you.
You are even more covered in liquid fire!
You shoot an arrow.
The arrow hits the bombardier beetle but does no damage.
The bombardier beetle is heavily wounded.
The liquid fire burns you!
You shoot an arrow.
The arrow barely misses the bombardier beetle.
The liquid fire burns you!
You die...

#............... ###....#
.#..<...# #....##...#.....#
.<....#..###.##....##..[####
..##### .#..##..#.........
#.# ......#...###.#### #.#
##.##.....# .# #.. ##..#.#
## ##. #..#... # #.@###..#
##..# ...# ...B> ..#
..###..... #.# #..# #. ...#
.. #.# .. ..


You could see a bombardier beetle.

Vanquished Creatures
  Natasha (thrice) (D:3)
  3 gnolls (D:3)
  3 adders
  2 dart slugs
  9 bats
  5 endoplasms
  2 giant cockroaches
  4 goblins
  6 hobgoblins
  2 quokkas (D:1)
  4 ball pythons
  12 frilled lizards
  5 kobolds
  3 rats
63 creatures vanquished.

Notes
Turn   | Place    | Note
-------+----------+-------------------------------------------
     0 | D:1      | qw the Deep Elf Hunter began the quest for the Orb.
     0 | D:1      | Reached XP level 1. HP: 12/12 MP: 3/3
     0 | D:1      | 0 ||| qw: Version: 0.3-a-155-g5e7d8dd
     0 | D:1      | 0 ||| qw: Game counter: 217
     0 | D:1      | 0 ||| qw: Melee chars always use a shield: true
     0 | D:1      | 0 ||| qw: God list: Okawaru
     0 | D:1      | 0 ||| qw: Allow faded altars: false
     0 | D:1      | 0 ||| qw: Do Orc after clearing Dungeon:15 true
     0 | D:1      | 0 ||| qw: Do second Lair branch before Depths: true
     0 | D:1      | 0 ||| qw: Lair rune preference: random
     0 | D:1      | 0 ||| qw: Goals: Normal
     0 | D:1      | 0 ||| PLANNING D:1-11
   126 | D:1      | Reached skill level 6 in Ranged Weapons
   126 | D:1      | Reached XP level 2. HP: 16/16 MP: 4/4
   377 | D:1      | Reached XP level 3. HP: 20/20 MP: 5/5
   466 | D:1      | 466 ||| UPGRADING to +0 ring mail.
   476 | D:1      | 476 ||| DROPPING +0 leather armour.
   477 | D:1      | 477 ||| READING scroll labelled VEXUCU HOCO.
   477 | D:1      | 477 ||| IDENTIFYING white potion
   478 | D:1      | 478 ||| DRINKING 3 pink potions.
   479 | D:1      | 479 ||| DROPPING scroll of butterflies.
   480 | D:1      | 480 ||| DROPPING potion of berserk rage.
   548 | D:2      | Reached skill level 7 in Ranged Weapons
   756 | D:2      | Reached XP level 4. HP: 11/25 MP: 6/6
   833 | D:2      | Found a shimmering blue altar of Sif Muna.
  1234 | D:2      | 1234 ||| UPGRADING to +5 ring of evasion.
  1235 | D:2      | 1235 ||| READING scroll labelled NEEREI VUZXAIT.
  1239 | D:2      | 1239 ||| READING scroll labelled UTWOVEANLE.
  1240 | D:2      | 1240 ||| DRINKING 2 sedimented emerald potions.
  1269 | D:3      | Noticed Natasha
  1276 | D:3      | Killed Natasha
  1277 | D:3      | Reached skill level 8 in Ranged Weapons
  1334 | D:3      | HP: 4/25 [frilled lizard (3)]
  1334 | D:3      | Noticed Natasha
  1335 | D:3      | 1335 ||| DRINKING 2 potions of heal wounds.
  1340 | D:3      | Reached XP level 5. HP: 18/29 MP: 7/7
  1346 | D:3      | Killed Natasha
  1369 | D:3      | Noticed Natasha
  1372 | D:3      | HP: 7/29 [Natasha/magic dart (8)]
  1373 | D:3      | 1373 ||| DRINKING potion of heal wounds.
  1380 | D:3      | Killed Natasha
  1381 | D:3      | Reached skill level 9 in Ranged Weapons
  1416 | D:3      | HP: 5/29 [burnt (7)]
  1417 | D:3      | HP: 2/29 [burnt (4)]
  1418 | D:3      | Incinerated by a bombardier beetle

Levels and vault maps discovered:
D:1:      saegor_arrival_miasma, layout_rooms
D:2:      layout_loops_cross, basic_altar, minmay_lizard_king
D:3:      layout_rooms, uniq_natasha

Skill      XL: |  1  2  3  4  5 |
---------------+----------------+-----
Ranged Weapons | 6 7 8 9 |  9.0
Fighting       | |  1.5
Dodging        | |  2.4
Stealth        | |  1.2

Action                     |  1- 3 |  4- 6 || total
---------------------------+-------+-------++-------
   Fire: Shortbow          |   126 |    81 ||   207
    Use: Potion            |     1 |     3 ||     4
         Scroll            |     1 |     2 ||     3
 Armour: Leather armour    |    10 |       ||    10
         Ring mail         |    31 |    41 ||    72
  Dodge: Dodged            |    65 |    53 ||   118

Table legend:
 A = Non-vault XP
 B = Vault XP
 C = Vault XP percentage of total XP
 D = Non-vault monster count
 E = Vault monster count
 F = Vault count percentage of total count
                 A         B        C        D         E       F
            +---------+---------+-------+---------+---------+-------
      Total |     232 |      48 |  17.1 |      53 |      10 |  15.9
            +---------+---------+-------+---------+---------+-------
        D:1 |      45 |       0 |   0.0 |      25 |       0 |   0.0
        D:2 |      51 |       9 |  15.0 |      17 |       9 |  34.6
        D:3 |     136 |      39 |  22.3 |      11 |       1 |   8.3
            +---------+---------+-------+---------+---------+-------
